Map: [ESL] Goldenaura

Players

Oliveira - Winner!

  • Race: Terran Terran
  • Spawn Location: 12:00

Cyan

  • Race: Protoss Protoss
  • Spawn Location: 5:00

Event: ESL SC2 Masters 2023 Winter (Regional)

VOD

Have the link to the VOD?

Description

Time

  • Played on: Nov. 18, 2023, 7:38 a.m.
  • Length: 6:21

All games in this series

Show
View Real Time Build Order
Export as new Build Order

Oliveira Terran - Winner!

Build Orders:  

Get SALT Encoding   

  12  0:00  SCV  
  13  0:12  SCV  
  14  0:17  Supply Depot  
  14  0:24  SCV  
  15  0:39  SCV  
  15  0:40  Barracks  
  16  0:44  Refinery  
  16  0:51  SCV  
  17  1:03  SCV  
  18  1:15  SCV  
  19  1:27  Marine  
  19  1:28  Orbital Command  
  20  1:39  Command Center  
  20  1:50  Factory  
  20  1:53  SCV  
  21  1:58  Refinery  
  21  2:04  Barracks Reactor  
  21  2:05  SCV  
  22  2:10  Supply Depot  
  22  2:17  SCV  
  23  2:32  SCV  
  23  2:34  Hellion, Starport  
  26  2:41  Marine x2  
  29  2:44  SCV  
  29  2:51  Orbital Command  
  29  2:55  Factory Tech Lab  
  29  2:59  Marine x2  
  31  3:05  SCV  
  31  3:09  Orbital Command  
  32  3:19  Banshee  
  35  3:20  Factory Tech Lab  
  35  3:22  SCV  
  36  3:29  Marine x2  
  38  3:34  SCV  
  38  3:35  SCV  
  38  3:38  Supply Depot  
  40  3:41  Siege Tank  
  40  3:46  SCV  
  40  3:47  SCV  
  45  3:49  Marine  
  45  3:52  Supply Depot  
  45  3:55  Marine  
  45  4:03  Viking  
  46  4:14  Siege Tank, SCV x2  
  51  4:19  Marine, Engineering Bay  
  51  4:21  Marine  
  53  4:26  SCV x2  
  53  4:29  Supply Depot  
  55  4:33  Medivac  
  55  4:38  Marine, SCV  
  58  4:40  SCV  
  60  4:51  Siege Tank  
  63  4:53  Marine, Supply Depot  
  63  4:56  SCV, Marine  
  66  5:01  SCV  
  67  5:08  Viking  
  67  5:11  Marine  
  70  5:14  Marine  
  70  5:15  Bunker  
  70  5:18  Missile Turret, SCV  
  70  5:19  SCV  
  73  5:29  Marine  
  73  5:30  SCV  
  73  5:32  Marine  
  76  5:36  Bunker  
  76  5:40  SCV  
  77  5:43  Siege Tank  
  77  5:47  Marine  
  77  5:49  Missile Turret  
  81  5:50  Marine  
  77  6:00  SCV  
  77  6:02  SCV  
  77  6:03  Bunker  
Show
View Real Time Build Order
Export as new Build Order

Cyan Protoss 

Build Orders: 1 Gate Expand, Oracle Opening 

Get SALT Encoding   

  12  0:00  Probe  
  13  0:12  Probe  
  14  0:18  Pylon  
  14  0:24  Probe  
  15  0:37  Gateway, Probe (Chrono Boost)  
  16  0:46  Probe (Chrono Boost)  
  16  0:48  Assimilator  
  17  0:51  Probe  
  18  1:03  Probe  
  19  1:15  Probe  
  20  1:23  Nexus  
  20  1:33  Cybernetics Core  
  20  1:35  Probe  
  21  1:41  Assimilator  
  21  1:47  Probe  
  21  1:51  Pylon  
  22  2:00  Probe  
  23  2:06  Adept (Chrono Boost)  
  23  2:12  Probe  
  23  2:14  Stargate  
  26  2:23  Warp Gate  
  26  2:24  Probe (Chrono Boost)  
  27  2:30  Adept  
  31  2:37  Probe (Chrono Boost)  
  31  2:38  Probe (Chrono Boost)  
  32  2:45  Probe (Chrono Boost)  
  32  2:46  Probe (Chrono Boost)  
  32  2:50  Probe (Chrono Boost)  
  33  2:53  Probe  
  33  2:57  Oracle (Chrono Boost)  
  38  3:02  Probe  
  38  3:05  Probe, Adept  
  42  3:11  Pylon  
  42  3:15  Probe  
  42  3:17  Probe  
  44  3:20  Gateway  
  45  3:27  Probe  
  45  3:29  Probe  
  45  3:30  Oracle (Chrono Boost)  
  48  3:39  Probe  
  49  3:41  Probe  
  50  3:48  Nexus  
  50  3:53  Probe, Pylon  
  51  4:00  Phoenix  
  53  4:09  Probe  
  54  4:10  Assimilator  
  54  4:12  Robotics Facility  
  54  4:14  Assimilator  
  54  4:16  Probe  
  55  4:17  Shield Battery  
  55  4:21  Shield Battery  
  55  4:23  Probe  
  56  4:26  Phoenix  
  56  4:30  Probe  
  59  4:35  Probe  
  60  4:39  Shield Battery  
  60  4:45  Stalker  
  62  4:46  Pylon  
  62  4:53  Gateway  
  62  5:00  Phoenix  
  62  5:02  Shield Battery  
  64  5:07  Stalker  
  64  5:12  Probe  
  67  5:20  Zealot  
  73  5:25  Immortal (Chrono Boost), Phoenix  
  71  5:32  Stalker  
  71  5:34  Probe  
  72  5:35  Pylon  
  72  5:36  Shield Battery  
  72  5:38  Shield Battery  
  72  5:46  Pylon  
  72  5:49  Pylon  
  72  5:52  Phoenix  
  68  6:01  Stalker  
  68  6:02  Stalker  
  68  6:03  Probe  
Tags
 
Add a new tag
Caveats
  • Supply blocks, unpowered buildings, or Contaminate may cause inaccurate times.
  • Supply counts are checked every 10 seconds.